 Dungeon Crawl Stone Soup version 0.31-a0-978-g1e143483b6 (webtiles) character file.

Game seed: 6065492370665038511

335528 BinkBink the Slayer (level 21, -14/152 HPs)
             Began as a Gargoyle Fighter on Oct 30, 2023.
             Was the Champion of Qazlal.
             Demolished by Xtahua (18 damage)
             ... while paralysed by Xtahua
             ... on level 1 of the Vaults.
             The game lasted 01:15:00 (34805 turns).

BinkBink the Slayer (Gargoyle Fighter)             Turns: 34805, Time: 01:15:00

Health: -14/152    AC: 35    Str: 22    XL:     21   Next: 87%
Magic:  21/21      EV:  2    Int:  8    God:    Qazlal [******]
Gold:   3869       SH:  0    Dex: 19    Spells: 20/20 levels left

rFire   + + +        E - +10 morningstar "Eos" {elec, Halo rElec}
rCold   . . .        D - +6 tower shield
rNeg    + . .        R - +0 troll leather armour
rPois   ∞            j - +2 helmet
rElec   +            b - +2 cloak
rCorr   .            (no gloves)
SInv    .            F - +5 pair of boots "Roju Pie" {rF++ Dex+2}
Will    +....        K - amulet of regeneration
Stlth   +            O - +5 ring of evasion
HPRegen 2.05/turn    I - +5 ring of evasion
MPRegen 0.17/turn

%: repel missiles
@: paralysed, marked, protected from fire, flying, glowing, studying
Translocations
A: sickness immunity, AC +16, big wings, negative energy resistance 1,
electricity resistance, torment resistance 1, petrification resistance, dopey 1
}: 2/15 runes: decaying, serpentine
a: Renounce Religion, Upheaval, Elemental Force, Disaster Area


You were on level 1 of the Vaults.
You worshipped Qazlal.
Qazlal was exalted by your worship.
You visited 8 branches of the dungeon, and saw 36 of its levels.
You visited the Abyss 1 time.
You also visited: Sewer.

You collected 4716 gold pieces.
You spent 847 gold pieces at shops.

Inventory:

Hand Weapons
 x - the +6 arbalest of Radicalism {speed, Str+3}
   (You took it off a salamander on level 1 of the Snake Pit)

   Str+3:     It affects your strength (+3).
 E - the +10 morningstar "Eos" (weapon) {elec, Halo rElec}
   (You acquired it on level 2 of the Swamp)

   Halo:      It grants its wielder a halo, revealing invisible creatures and
   increasing accuracy against all within it other than the wielder.
   rElec:     It insulates you from electricity.
Armour
 b - a +2 cloak (worn)
 j - a +2 helmet (worn)
 D - a +6 tower shield (worn)
 F - the +5 pair of boots "Roju Pie" (worn) {rF++ Dex+2}
   (You acquired it on level 2 of the Snake Pit)

   Dex+2:     It affects your dexterity (+2).
   rF++:      It greatly protects you from fire.
 R - a +0 troll leather armour (worn)
Jewellery
 A - a +6 ring of dexterity
 H - a +6 ring of intelligence
 I - a +5 ring of evasion (right hand)
 K - an amulet of regeneration (around neck)
 O - a +5 ring of evasion (left hand)
 Q - the amulet of the Two Names {Faith Regen+ Dex+4 Slay-3}
   (You took it off a deep elf zephyrmancer on level 3 of the Elven Halls)

   [amulet of faith]

   Faith:     It allows you to gain divine favour quickly.
   Dex+4:     It affects your dexterity (+4).
   Slay-3:    It affects your accuracy & damage with ranged weapons and melee
   (-3).
   Regen+:    It increases your rate of health regeneration.
 U - the ring "Nedd" {Fire rPois Str+3 Int+6 Dex-4}
   (You took it off a deep elf annihilator on level 3 of the Elven Halls)

   [ring of fire]

   Fire:      It enhances your fire magic.
   Str+3:     It affects your strength (+3).
   Int+6:     It affects your intelligence (+6).
   Dex-4:     It affects your dexterity (-4).
   rF+:       It protects you from fire.
   rC-:       It makes you vulnerable to cold.
   rPois:     It protects you from poison
 W - the amulet "Jeesupa" {Acrobat Str+3}
   (You found it on level 3 of the Elven Halls)

   [amulet of the acrobat]

   Acrobat:   It increases your evasion while moving and waiting.
   Str+3:     It affects your strength (+3).
Wands
 c - a wand of roots (43)
 n - a wand of light (13)
 p - a wand of charming (61)
 q - a wand of digging (10)
 B - a wand of polymorph (21)
 P - a wand of mindburst (22)
 T - a wand of flame (105)
Scrolls
 e - 3 scrolls of blinking
 g - 17 scrolls of teleportation
 i - a scroll of butterflies
 k - a scroll of silence
 r - 4 scrolls of brand weapon
 s - 2 scrolls of fear
 t - 6 scrolls of poison
 y - 7 scrolls of revelation
 C - 3 scrolls of fog
 J - 12 scrolls of amnesia
 L - 19 scrolls of identify
 M - 10 scrolls of enchant weapon
 V - 3 scrolls of immolation
 X - a scroll of enchant armour
Potions
 a - 4 potions of cancellation
 d - 4 potions of enlightenment
 f - 2 potions of haste
 h - 5 potions of brilliance
 l - 9 potions of attraction
 m - 15 potions of curing
 o - 4 potions of resistance
 u - 3 potions of lignification
 v - 5 potions of invisibility
 w - 4 potions of magic
 z - 6 potions of mutation
 G - 9 potions of heal wounds
 N - 3 potions of ambrosia
 Y - 2 potions of might
 Z - 2 potions of berserk rage


   Skills:
 * Level 22.5 Fighting
 * Level 20.8 Maces & Flails
 + Level 17.1 Armour
 + Level 13.1 Dodging
 + Level 16.6 Shields


You had 20 spell levels left.
You didn't know any spells.
Your spell library contained the following spells:

 Spells                   Type           Power      Damage    Failure   Level
 Apportation              Tloc           0%         N/A       73%         1
 Freeze                   Ice            0%         1d3       73%         1
 Kiss of Death            Conj/Necr      0%         2d5       73%         1
 Necrotise                Necr           0%         1d4       73%         1
 Sandblast                Erth           0%         2d4       73%         1
 Shock                    Conj/Air       0%         1d3       73%         1
 Slow                     Hex            0%         N/A       73%         1
 Summon Small Mammal      Summ           0%         N/A       73%         1
 Ensorcelled Hibernation  Hex/Ice        0%         N/A       86%         2
 Jinxbite                 Hex            0%         N/A       86%         2
 Lesser Beckoning         Tloc           0%         N/A       86%         2
 Momentum Strike          Conj/Tloc      0%         3d8       86%         2
 Poisonous Vapours        Pois/Air       0%         N/A       86%         2
 Scorch                   Fire           0%         2d5       86%         2
 Static Discharge         Conj/Air       0%         3-3/arc   86%         2
 Confusing Touch          Hex            0%         N/A       97%         3
 Dazzling Flash           Conj/Hex       0%         N/A       97%         3
 Frozen Ramparts          Ice            0%         1d1       97%         3
 Hailstorm                Conj/Ice       0%         3d3       97%         3
 Ignite Poison            Fire/Tmut/Pois 0%         N/A       97%         3
 Inner Flame              Hex/Fire       0%         N/A       97%         3
 Mephitic Cloud           Conj/Pois/Air  0%         N/A       97%         3
 Ozocubu's Armour         Ice            0%         N/A       97%         3
 Sigil of Binding         Hex            0%         N/A       97%         3
 Stone Arrow              Conj/Erth      0%         3d7       97%         3
 Swiftness                Air            0%         N/A       97%         3
 Vampiric Draining        Necr           0%         2d6       97%         3
 Volatile Blastmotes      Fire/Tloc      0%         2d10      97%         3
 Airstrike                Air            0%         2d(0-16)  100%        4
 Anguish                  Hex/Necr       0%         N/A       100%        4
 Animate Armour           Summ/Erth      0%         N/A       100%        4
 Animate Dead             Necr           0%         N/A       100%        4
 Brom's Barrelling Bould  Conj/Erth      0%         2d3       100%        4
 Dimensional Bullseye     Hex/Tloc       0%         N/A       100%        4
 Dispel Undead            Necr           0%         3d6       100%        4
 Flame Wave               Conj/Fire      0%         2d4       100%        4
 Iskenderun's Mystic Bla  Conj/Tloc      0%         2d3       100%        4
 Leda's Liquefaction      Hex/Erth       0%         N/A       100%        4
 Manifold Assault         Tloc           0%         N/A       100%        4
 Olgreb's Toxic Radiance  Pois           0%         N/A       100%        4
 Passage of Golubria      Tloc           0%         N/A       100%        4
 Petrify                  Tmut/Erth      0%         N/A       100%        4
 Sticky Flame             Conj/Fire      0%         2d3       100%        4
 Summon Ice Beast         Ice/Summ       0%         N/A       100%        4
 Summon Lightning Spire   Summ/Air       0%         N/A       100%        4
 Arcjolt                  Conj/Air       0%         1d10      100%        5
 Borgnjor's Vile Clutch   Necr/Erth      0%         N/A       100%        5
 Fireball                 Conj/Fire      0%         3d3       100%        5
 Irradiate                Conj/Tmut      0%         3d11      100%        5
 Iskenderun's Battlesphe  Conj           0%         2d6       100%        5
 Lee's Rapid Deconstruct  Erth           0%         3d4*      100%        5
 Silence                  Hex/Air        0%         N/A       100%        5
 Summon Forest            Summ/Tloc      0%         N/A       100%        5
 Summon Mana Viper        Hex/Summ       0%         N/A       100%        5
 Conjure Ball Lightning   Conj/Air       0%         3x3d6     100%        6
 Death Channel            Necr           0%         N/A       100%        6
 Eringya's Noxious Bog    Tmut/Pois      0%         4d6       100%        6
 Starburst                Conj/Fire      0%         6d3       100%        6
 Summon Cactus Giant      Summ           0%         N/A       100%        6
 Monstrous Menagerie      Summ           0%         N/A       100%        7
 Orb of Destruction       Conj           0%         9d5       100%        7
 Ozocubu's Refrigeration  Ice            0%         4d7       100%        7
 Summon Hydra             Summ           0%         N/A       100%        7
 Discord                  Hex            0%         N/A       100%        8
 Disjunction              Tloc           0%         N/A       100%        8
 Ignition                 Fire           0%         3d3       100%        8
 Lehudib's Crystal Spear  Conj/Erth      0%         10d2      100%        8
 Maxwell's Capacitive Co  Air            0%         ∞         100%        8
 Chain Lightning          Conj/Air       0%         N/A       100%        9
 Fire Storm               Conj/Fire      0%         5d1       100%        9
 Shatter                  Erth           0%         3d5*      100%        9
 Sublimation of Blood     Necr           Unusable   N/A       N/A         2

Dungeon Overview and Level Annotations

Branches:
Dungeon (15/15)            Temple (1/1) D:7            Lair (5/5) D:8
  Swamp (4/4) Lair:2        Snake (4/4) Lair:3        Slime (0/5) Lair:5
    Orc (2/2) D:9             Elf (3/3) Orc:2        Vaults (2/5) D:13
 Depths (0/4) D:15          Sewer (visited)
  Crypt: Vaults:2-3

Altars:
Ashenzari
Cheibriados
Dithmenos
Elyvilon
Fedhas
Gozag
Hepliaklqana
Kikubaaqudgha
Makhleb
Nemelex Xobeh
Okawaru
Qazlal
Ru
Sif Muna
Trog
Uskayaw
Vehumet
Wu Jian
Xom
Yredelemnul
Zin
The Shining One

Shops:
D:2 *   D:4 !   D:5 [   D:9 (   D:12 *   Orc:1 *   Orc:2 ([*:   Elf:1 (
Elf:3 [!!=(

Annotations:
Vaults:1 Xtahua


Innate Abilities, Weirdness & Mutations

You are immune to sickness and miasma.
Your stone body is resilient. (AC +16)
You are immune to poison.
Your large and strong wings let you fly.
You resist negative energy. (rN+)
You are resistant to electric shocks. (rElec)
You are resistant to unholy torment.
You are immune to petrification.
You are dopey. (Int -2)


Message History

Lightning courses through the deep troll!
The deep troll is almost dead.
You barely miss the deep troll.
The deep troll is almost dead.
Xtahua completely misses you. Xtahua claws you!
Your resistance to fire fades away.
You feel protected from physical attacks.
You block Xtahua's attack. You block the deep troll's attack.
The deep troll claws you! You block the deep troll's attack.
You hit the deep troll.
Lightning courses through the deep troll!!
You kill the deep troll!
Qazlal accepts your kill. You block Xtahua's attack. x3
You bludgeon Xtahua!! Lightning courses through Xtahua!!
Xtahua is moderately wounded.
Xtahua roars overwhelmingly at you!
You suddenly lose the ability to move!
Xtahua bites you!
You feel more protected from physical attacks.
Xtahua claws you but does no damage. Xtahua tramples you but does no damage.
Xtahua bites you!!
* * * LOW HITPOINT WARNING * * *
Xtahua claws you!
* * * LOW HITPOINT WARNING * * *
You feel more protected from physical attacks.
Xtahua tramples you!
* * * LOW HITPOINT WARNING * * *
You feel more protected from physical attacks.
You are shoved backwards!
Xtahua breathes fire at you. The searing blast hits you. You resist.
Your resistance to physical damage fades away.
You feel protected from fire.
* * * LOW HITPOINT WARNING * * *
Xtahua is engulfed in a thunderstorm.
Xtahua bites you!!
* * * LOW HITPOINT WARNING * * *
Xtahua claws you but does no damage. Xtahua tramples you!!
You die...
Xtahua growls, "COMING HERE WAS YOUR LAST MISTAKE."

..........)..........#...........
.........)...........#...........
.....................###.......(.
..................[....##..#.....
........................#..##....
.............#########..###......
.............#§......#....#......
#####........#..○§○..#....###....
..###........#○○@....#......##..#
.#.##........#.§.D...#.......#..#
.#.##........#.....°.#.......####
.##.+........#...○.°.#...........
.##.#........#####'###...........
.##.#........................##'#
.##.#........................#...
.##.#........................#...
.#.##.....#########.........##...


You could see Xtahua (strong, catching breath).

Vanquished Creatures
  Saint Roka (D:13)
  the Lernaean hydra (Swamp:4)
  Vashnia (Snake:2)
  Nikola (Vaults:1)
  A bone dragon (Abyss:3)
  Zenata (Vaults:1)
  Rupert (Lair:4)
  2 deep elf blademasters
  3 deep elf master archers (Elf:3)
  3 sphinxes (Elf:1)
  An eldritch tentacle (Elf:1)
  Kirke (Swamp:1)
  A fenstrider witch (Swamp:4)
  3 nagarajas (Snake:4)
  Aizul (Swamp:4)
  2 azure jellies (Elf:1)
  An iron dragon (Elf:1)
  A vault warden (Vaults:1)
  A deep elf sorcerer (Elf:3)
  Louise (Elf:1)
  4 deep elf elementalists (Elf:3)
  3 orc warlords
  A reaper (Abyss:3)
  4 very ugly things (Abyss:3)
  A juggernaut skeleton (Abyss:3)
  The ghost of Gyug the Fighter, a journeyman GrEE of Vehumet (Lair:5)
  2 war gargoyles (Vaults:1)
  3 ironbound preservers
  5 deep elf demonologists (Elf:3)
  Azrael (D:15)
  6 deep elf annihilators (Elf:3)
  A bunyip (Swamp:4)
  3 eleionomae
  Snorg (Orc:2)
  Josephine (Lair:5)
  5 deep elf death magi
  2 yaktaur captains
  A fire dragon (D:15)
  3 salamander tyrants (Snake:4)
  5 deep elf high priests (Elf:3)
  2 ice dragons (D:15)
  Fannar (Lair:1)
  4 vault guards
  27 hydras
  A catoblepas (Lair:5)
  2 great orbs of eyes
  A peacekeeper (Vaults:1)
  2 ogre magi
  12 anacondas
  10 boulder beetles
  7 centaur warriors
  A ghost crab (Swamp:4)
  37 dancing weapons
  12 alligators
  15 naga warriors
  6 two-headed ogres
  2 tengu warriors (D:15)
  2 ironbound frosthearts
  A deep troll shaman (Lair:5)
  19 death yaks
  Urug (Lair:5)
  A vampire mage (Swamp:2)
  19 naga sharpshooters
  4 orc high priests (Orc:2)
  A spriggan berserker (Swamp:4)
  3 thrashing horrors (Abyss:3)
  10 skeletal warriors
  11 shock serpents
  27 deep elf knights
  4 salamander mystics
  A spatial maelstrom (Abyss:3)
  4 skysharks
  9 sea snakes
  10 deep trolls
  A death drake (Elf:1)
  9 swamp dragons
  3 bog bodies
  4 spriggan druids
  8 naga ritualists
  3 goliath frogs (Swamp:1)
  13 deep elf archers
  2 arcanists
  2 harpies (Elf:1)
  5 ironbound convokers
  5 lindwurms
  20 starcursed masses (Abyss:3)
  26 mana vipers
  7 ugly things
  36 deep elf zephyrmancers
  10 manticores
  11 orc knights
  30 deep elf pyromancers
  3 orc sorcerers (Orc:2)
  22 salamanders
  2 worldbinders (Abyss:3)
  5 will-o-the-wisps
  4 cyclopes
  42 black mambas
  A guardian serpent (shapeshifter) (D:13)
  Maurice (Orc:2)
  A naga zombie (Abyss:3)
  8 vault sentinels
  Joseph (D:7)
  A black mamba (shapeshifter) (D:15)
  17 naga magi
  8 guardian serpents
  2 ice statues (Elf:1)
  19 elephants
  14 cane toads
  An unseen horror (D:11)
  Jeremiah (D:8)
  An efreet (Abyss:3)
  A kobold demonologist (D:7)
  Maggie (D:7)
  An anaconda simulacrum (Elf:1)
  6 komodo dragons
  A yaktaur (shapeshifter) (D:15)
  3 tengu conjurers
  5 yaktaurs
  4 ancient zymes (Abyss:3)
  4 trolls
  4 polar bears
  9 hornets
  2 raiju
  7 tyrant leeches
  A wind drake (shapeshifter) (D:15)
  Grinder (Sewer)
  A blink frog (shapeshifter) (D:15)
  9 slime creatures
  5 dream sheep (Lair:5)
  10 blink frogs
  8 air elementals
  2 jumping spiders (Elf:1)
  7 large abominations (Abyss:3)
  5 spriggans
  5 wyverns
  4 fire elementals
  A ynoxinul (Abyss:3)
  60 yaks
  A vampire (D:13)
  3 water elementals
  2 shadows
  Eustachio (D:6)
  8 wraiths
  5 hogs (Swamp:1)
  5 steam dragons
  17 vampire mosquitoes
  2 humans (D:13)
  A chaos spawn (Abyss:3)
  3 basilisks
  2 neqoxecs (Abyss:3)
  3 redbacks (Elf:1)
  A warg (shapeshifter) (Abyss:3)
  4 wargs
  A harpy simulacrum (Elf:1)
  9 swamp worms
  2 spatial vortices (Elf:1)
  48 nagas
  5 acid dragons
  8 hell hounds
  Duvessa (D:7)
  12 water moccasins
  9 swamp drakes
  3 ice beasts
  4 black bears
  3 sky beasts
  A fire dragon simulacrum (Elf:1)
  41 orc warriors
  A black mamba simulacrum (Elf:1)
  4 boggarts
  9 ogres
  12 wolves
  9 centaurs
  3 phantoms
  4 kobold brigands
  Blork the orc (D:5)
  7 small abominations
  21 bullfrogs
  A gnoll sergeant (D:8)
  5 earth elementals
  4 scorpions
  9 wights
  Dowan (D:7)
  9 killer bees
  An electric eel (Snake:3)
  4 howler monkeys
  4 hounds
  28 orc priests
  A gnoll bouda (D:7)
  8 jellies
  5 sleepcaps
  4 iguanas
  4 hell rats (Lair:2)
  4 lightning spires (Elf:1)
  27 orc wizards
  2 troll simulacra (Elf:1)
  2 human simulacra (D:14)
  Robin (D:3)
  8 adders
  21 gnolls
  A naga simulacrum (Elf:1)
  2 shadow imps (Sewer)
  4 white imps
  4 ufetubi
  An adder zombie (Sewer)
  4 worms
  3 dart slugs
  105 orcs
  4 ball pythons
  10 endoplasms
  5 giant cockroaches
  14 goblins
  11 hobgoblins
  35 kobolds
  2 quokkas (D:1)
  11 bats
  A frilled lizard (D:1)
  8 rats
  A ball lightning (Elf:1)
1521 creatures vanquished.

Vanquished Creatures (others)
  An eleionoma (Swamp:3)
  A dancing weapon (Elf:2)
  A swamp dragon (Swamp:4)
  2 deep elf pyromancers
  2 deep elf zephyrmancers (Elf:2)
  A rime drake (Elf:1)
  A yaktaur (Vaults:2)
  5 bloated husks (Swamp:3)
  An air elemental (Elf:1)
  A golden eye (shapeshifter) (Elf:2)
  3 wargs (Vaults:1)
  A swamp worm (Swamp:3)
  2 orc warriors (Vaults:1)
  A hound (Snake:3)
  An orc wizard (Vaults:1)
  An adder (Snake:3)
  A naga simulacrum (Elf:1)
  2 orcs (Vaults:1)
  A kobold (D:8)
  A ball lightning (Elf:1)
  29 foxfires
59 creatures vanquished.

Grand Total: 1580 creatures vanquished

Notes
Turn   | Place    | Note
-------+----------+-------------------------------------------
     0 | D:1      | BinkBink the Gargoyle Fighter began the quest for the Orb.
     0 | D:1      | Reached XP level 1. HP: 14/14 MP: 1/1
   106 | D:1      | Reached XP level 2. HP: 19/19 MP: 2/2
   500 | D:1      | Reached XP level 3. HP: 23/23 MP: 3/3
   941 | D:2      | Identified the +3 dagger of Corruption {flame, rElec}
  1019 | D:2      | Reached XP level 4. HP: 15/29 MP: 4/4
  1053 | D:2      | HP: 1/29 [gnoll/+0 halberd (8)]
  1058 | D:2      | Reached skill level 4 in Fighting
  1058 | D:2      | Reached skill level 1 in Dodging
  1253 | D:2      | Reached XP level 5. HP: 33/33 MP: 5/5
  1418 | D:2      | Found Vacoaphu's General Store.
  2056 | D:3      | Reached XP level 6. HP: 7/39 MP: 6/6
  2236 | D:3      | Found a shimmering altar of Xom.
  2304 | D:3      | Noticed Robin
  2318 | D:3      | Killed Robin
  2688 | D:4      | Reached skill level 5 in Fighting
  2746 | D:4      | Reached XP level 7. HP: 15/44 MP: 7/7
  2973 | D:4      | Found Xeuwn's Distillery.
  2978 | D:4      | Bought a potion of heal wounds for 60 gold pieces
  3057 | D:4      | Found a glowing drain.
  3070 | Sewer    | Entered a sewer
  3355 | Sewer    | Found an ancient bone altar of Kikubaaqudgha.
  3409 | Sewer    | Noticed Grinder
  3434 | Sewer    | Paralysed by Grinder for 5 turns
  3445 | Sewer    | Killed Grinder
  3446 | Sewer    | Reached skill level 6 in Fighting
  3446 | Sewer    | Reached skill level 5 in Maces & Flails
  3446 | Sewer    | Reached skill level 5 in Armour
  3446 | Sewer    | Reached XP level 8. HP: 50/51 MP: 8/8
  3503 | Sewer    | Identified the +8 whip "Beetlebane" {venom, rF- rN+ Str+2}
  3899 | D:5      | Entered Level 5 of the Dungeon
  3962 | D:5      | Reached skill level 5 in Shields
  4157 | D:5      | Found Ucadghey's Antique Armour Shop.
  4198 | D:5      | Noticed Blork the orc
  4209 | D:5      | Killed Blork the orc
  4492 | D:5      | Reached skill level 7 in Fighting
  4685 | D:5      | Found a blossoming altar of Fedhas.
  4868 | D:6      | Reached XP level 9. HP: 57/57 MP: 9/9
  5141 | D:6      | Noticed Eustachio
  5151 | D:6      | Killed Eustachio
  5448 | D:7      | Noticed Duvessa
  5457 | D:7      | Killed Duvessa
  5459 | D:7      | Noticed Dowan
  5460 | D:7      | Reached skill level 8 in Fighting
  5469 | D:7      | Killed Dowan
  5689 | D:7      | Noticed Maggie
  5718 | D:7      | Killed Maggie
  5754 | D:7      | Noticed a hornet
  5764 | D:7      | Killed a hornet
  5765 | D:7      | Reached XP level 10. HP: 41/65 MP: 10/10
  5854 | D:7      | Noticed a two-headed ogre
  5862 | D:7      | Killed a two-headed ogre
  5863 | D:7      | Reached skill level 9 in Fighting
  6209 | D:7      | Noticed Joseph
  6221 | D:7      | Killed Joseph
  6496 | D:7      | Found a staircase to the Ecumenical Temple.
  6544 | D:7      | Found a snail-covered altar of Cheibriados.
  6588 | Temple   | Entered the Ecumenical Temple
  6607 | Temple   | Became a worshipper of Qazlal Stormbringer
  6855 | D:8      | Reached skill level 5 in Dodging
  6858 | D:8      | Found a staircase to the Lair.
  6897 | D:8      | Reached skill level 10 in Fighting
  6922 | D:8      | Reached * piety under Qazlal
  6994 | D:8      | Reached XP level 11. HP: 72/72 MP: 11/11
  7019 | D:8      | Noticed a manticore
  7024 | D:8      | Noticed a six-headed hydra
  7027 | D:8      | Noticed a boulder beetle
  7153 | D:8      | Killed a manticore
  7360 | D:8      | Noticed Jeremiah
  7970 | D:8      | Killed Jeremiah
  7994 | D:8      | Identified the +5 rapier "Hinn" {protect, rPois rF- Str+4}
  8827 | D:9      | Found a staircase to the Orcish Mines.
  8845 | D:9      | Found Ypikha Xeita's Weapon Shoppe.
  9034 | D:10     | Entered Level 10 of the Dungeon
  9416 | D:9      | Reached skill level 11 in Fighting
  9452 | D:10     | Reached skill level 10 in Maces & Flails
  9739 | D:10     | Noticed a boulder beetle
  9757 | D:10     | Killed a boulder beetle
  9757 | D:10     | Reached ** piety under Qazlal
  9827 | D:10     | Reached XP level 12. HP: 63/80 MP: 12/12
  9911 | D:10     | Identified a scroll of acquirement
  9911 | D:10     | Acquired a +0 eveningstar of pain
  9995 | D:11     | Noticed a two-headed ogre
 10008 | D:11     | Killed a two-headed ogre
 10038 | D:11     | Noticed a two-headed ogre
 10060 | D:11     | Killed a two-headed ogre
 10415 | D:11     | Reached skill level 12 in Fighting
 10706 | D:12     | Noticed a boulder beetle
 10729 | D:12     | Killed a boulder beetle
 11114 | D:12     | Found Postrymi's General Store.
 12222 | D:13     | Noticed a vault guard
 12233 | D:13     | Reached *** piety under Qazlal
 12235 | D:13     | Noticed a vault guard
 12252 | D:13     | Killed a vault guard
 12271 | D:13     | Killed a vault guard
 12280 | D:13     | Reached XP level 13. HP: 40/87 MP: 13/13
 12584 | Orc:1    | Entered Level 1 of the Orcish Mines
 12715 | Orc:1    | Found Hudyz's Gadget Gallery.
 12950 | Orc:1    | Reached skill level 13 in Fighting
 13050 | Orc:1    | Reached **** piety under Qazlal
 13077 | Orc:1    | Reached skill level 10 in Armour
 13358 | Orc:2    | Entered Level 2 of the Orcish Mines
 13516 | Orc:2    | Noticed an orc warlord
 13806 | Orc:2    | Noticed Snorg
 13808 | Orc:2    | Noticed Maurice
 13820 | Orc:2    | Killed Snorg
 13830 | Orc:2    | Killed Maurice
 13865 | Orc:2    | Reached skill level 10 in Shields
 13876 | Orc:2    | Reached ***** piety under Qazlal
 14092 | Orc:2    | Killed an orc warlord
 14351 | Orc:2    | Found a staircase to the Elven Halls.
 14419 | Orc:2    | Found Myt Cenke's General Store.
 14420 | Orc:2    | Found Barafil's Book Shop.
 14422 | Orc:2    | Found Ohing's Antique Armour Shop.
 14422 | Orc:2    | Found Jaarph's Antique Weapon Boutique.
 14488 | Orc:2    | Bought a shiny helmet for 247 gold pieces
 14573 | D:8      | Reached skill level 14 in Fighting
 14588 | Lair:1   | Entered Level 1 of the Lair of Beasts
 14691 | Lair:1   | Gained mutation: Your large and strong wings let you fly.
                  | [Gargoyle growth]
 14691 | Lair:1   | Reached XP level 14. HP: 96/96 MP: 14/14
 14829 | Lair:1   | Reached ****** piety under Qazlal
 15089 | Lair:1   | Noticed Fannar
 15109 | Lair:1   | Killed Fannar
 15507 | Lair:2   | Found a staircase to the Swamp.
 16459 | Lair:3   | Reached skill level 15 in Fighting
 17090 | Lair:3   | Found a staircase to the Snake Pit.
 17282 | Lair:4   | Noticed Rupert
 17285 | Lair:4   | Reached XP level 15. HP: 102/103 MP: 15/15
 17431 | Lair:4   | Paralysed by Rupert for 2 turns
 17456 | Lair:4   | Killed Rupert
 18010 | Lair:5   | Entered Level 5 of the Lair of Beasts
 18010 | Lair:5   | Noticed Josephine
 18028 | Lair:5   | Killed Josephine
 18234 | Lair:5   | Found a staircase to the Slime Pits.
 18352 | Lair:5   | Reached skill level 16 in Fighting
 18355 | Lair:5   | Noticed Urug
 18380 | Lair:5   | Killed Urug
 18494 | Lair:5   | Found a runed translucent door.
 18495 | Lair:5   | Noticed Gyug's ghost (journeyman GrEE)
 19150 | Lair:5   | Killed Gyug's ghost
 19217 | Swamp:1  | Entered Level 1 of the Swamp
 19303 | Swamp:1  | Reached skill level 15 in Maces & Flails
 19372 | Swamp:1  | You are sucked into a shaft and drop 1 floor!
 19798 | Swamp:2  | Noticed Kirke
 19803 | Swamp:1  | Reached XP level 16. HP: 111/111 MP: 16/16
 20044 | Swamp:1  | Killed Kirke
 20732 | Swamp:2  | Acquired the +10 morningstar "Eos" {elec, Halo rElec}
 20732 | Swamp:2  | Found the +10 morningstar "Eos" {elec, Halo rElec}
 20877 | Swamp:3  | Reached skill level 17 in Fighting
 20887 | Swamp:3  | Identified the +6 morningstar of Duss {flame, rElec rCorr
                  | Dex-4 SInv}
 21361 | Swamp:4  | Entered Level 4 of the Swamp
 21475 | Swamp:4  | Identified the serpent talisman "Gisuah" {MP+9 Int+2}
 21475 | Swamp:4  | Noticed Aizul
 21483 | Swamp:4  | Killed Aizul
 21493 | Swamp:4  | Identified the +5 chain mail of Gozag's Scorn {rC- Dex+4
                  | Stlth+}
 21562 | Swamp:4  | Noticed a fenstrider witch
 21575 | Swamp:4  | Killed a fenstrider witch
 21722 | Swamp:4  | Noticed the 27-headed Lernaean hydra
 21741 | Swamp:4  | Killed the 27-headed Lernaean hydra
 21745 | Swamp:4  | Reached skill level 10 in Dodging
 21889 | Swamp:4  | Got a decaying rune of Zot
 22445 | D:13     | Reached XP level 17. HP: 90/119 MP: 17/17
 22621 | D:13     | Found a gate to the Vaults.
 22918 | D:14     | Found a shadowy altar of Dithmenos.
 22974 | D:14     | Reached skill level 18 in Fighting
 23385 | D:15     | Entered Level 15 of the Dungeon
 23563 | D:15     | Noticed Azrael
 23592 | D:15     | Killed Azrael
 23768 | D:15     | Found a hide-covered altar of Uskayaw.
 24013 | D:15     | Found a staircase to the Depths.
 24352 | Snake:1  | Entered Level 1 of the Snake Pit
 24481 | Snake:1  | Identified the +6 arbalest of Radicalism {speed, Str+3}
 25267 | Snake:2  | Reached XP level 18. HP: 127/127 MP: 18/18
 25378 | Snake:2  | Noticed Vashnia
 25408 | Snake:2  | Killed Vashnia
 25458 | Snake:2  | Reached skill level 19 in Fighting
 25985 | Snake:2  | Acquired the +5 pair of boots "Roju Pie" {rF++ Dex+2}
 26873 | Snake:4  | Entered Level 4 of the Snake Pit
 28011 | Snake:4  | Reached skill level 15 in Armour
 28051 | Snake:4  | Reached XP level 19. HP: 134/134 MP: 19/19
 28235 | Snake:4  | Reached skill level 20 in Fighting
 28452 | Snake:4  | Got a serpentine rune of Zot
 28874 | Vaults:4 | Identified the "Goh Ahem"
 28874 | Crypt:3  | Identified the "Jaralam"
 28874 | Crypt:3  | Identified the "Axteuh Unlag"
 28874 | Crypt:3  | Identified the "Likiorchi"
 28874 | Depths:2 | Identified the of Qoamaogo
 28874 | Depths:2 | Identified the "Sium"
 28874 | Depths:2 | Identified the "Axadus"
 28874 | Depths:2 | Identified the "Wosm"
 28874 | Depths:2 | Identified the "Adeomul"
 28874 | Depths:2 | Identified the of Wotsur
 28874 | Elf:1    | Identified the of Icei
 28874 | Elf:1    | Identified the of Xocoriva
 28874 | Elf:1    | Identified the of Usoumet
 28874 | Elf:1    | Identified the "Loufiolaeh"
 28874 | Elf:1    | Identified the "Gyfoeton"
 28874 | Elf:1    | Entered Level 1 of the Elven Halls
 28883 | Elf:1    | Paralysed by an air elemental for 1 turns
 28897 | Elf:1    | Paralysed by an air elemental for 1 turns
 29128 | Elf:1    | Reached skill level 15 in Shields
 29528 | Elf:1    | Identified the +4 scale mail of the Evening {-Tele Regen+
                  | Str+2}
 29627 | Elf:1    | Noticed Louise
 29642 | Elf:1    | Killed Louise
 29653 | Elf:1    | Reached XP level 20. HP: 142/142 MP: 20/20
 29688 | Elf:1    | Paralysed by an air elemental for 1 turns
 29696 | Elf:1    | Found Vesizihu's Weapon Boutique.
 29740 | Elf:1    | Paralysed by an air elemental for 1 turns
 30101 | Elf:1    | Reached skill level 21 in Fighting
 31050 | Elf:2    | Found a runed translucent gate.
 31051 | Elf:2    | Found a runed translucent gate.
 31051 | Elf:2    | Found a runed translucent gate.
 31595 | Elf:3    | Entered Level 3 of the Elven Halls
 31638 | Elf:3    | Found Ynemn's Distillery.
 31650 | Elf:3    | Bought a potion of heal wounds for 65 gold pieces
 31650 | Elf:3    | Bought a potion of heal wounds for 65 gold pieces
 31721 | Elf:3    | Found Liha's Antique Armour Boutique.
 31745 | Elf:3    | Bought a glowing cloak for 270 gold pieces
 32063 | Elf:3    | Found Zeutelus's Distillery.
 32071 | Elf:3    | Bought a potion of heal wounds for 70 gold pieces
 32071 | Elf:3    | Bought a potion of heal wounds for 70 gold pieces
 32185 | Elf:3    | Reached XP level 21. HP: 121/150 MP: 21/21
 32204 | Elf:3    | Identified the +3 morningstar of Doom {flame, Str+5}
 32266 | Elf:3    | Identified the +4 falchion of the Puffball {flame, *Noise
                  | +Blink Dex+3}
 32296 | Elf:3    | Found Qeoreabb's Jewellery Emporium.
 32350 | Abyss:3  | Found a corrupted altar of Lugonu.
 32350 | Abyss:3  | Found a corrupted altar of Lugonu.
 32350 | Abyss:3  | Cast into level 3 of the Abyss (a deep elf sorcerer)
 32468 | Abyss:3  | Paralysed by accursed screaming for 2 turns
 32475 | Abyss:3  | Paralysed by accursed screaming for 2 turns
 32481 | Abyss:3  | Paralysed by accursed screaming for 1 turns
 32487 | Abyss:3  | Paralysed by accursed screaming for 1 turns
 32490 | Abyss:3  | Noticed a bone dragon
 32519 | Abyss:3  | Killed a bone dragon
 32535 | Abyss:3  | Paralysed by accursed screaming for 1 turns
 32543 | Abyss:3  | Paralysed by accursed screaming for 1 turns
 32547 | Abyss:3  | Gained mutation: You are dopey. (Int -2) [a neqoxec]
 32594 | Abyss:3  | Reached skill level 22 in Fighting
 32609 | Abyss:3  | Noticed a bone dragon
 32618 | Elf:3    | Escaped the Abyss
 32669 | Elf:3    | Identified the +0 mace of Action {speed, Fly rF+ rCorr
                  | Dex+4}
 32669 | Elf:3    | Identified the amulet of the Two Names {Faith Regen+ Dex+4
                  | Slay-3}
 32710 | Elf:3    | Identified the +2 flail "Lainli" {venom, +Blink rC+ Will-
                  | Dex+4}
 32764 | Elf:3    | Identified the +10 mace "Cilic" {elec, Will+ SInv}
 32764 | Elf:3    | Identified the ring "Nedd" {Fire rPois Str+3 Int+6 Dex-4}
 32798 | Elf:3    | Identified the amulet "Jeesupa" {Acrobat Str+3}
 32810 | Elf:3    | Identified the +0 cloak of Qucau {rN++ Will-}
 32829 | Elf:3    | Identified the +1 shortbow of the Loving Saviour
                  | {antimagic, Dex+4}
 32870 | Elf:3    | Identified the +8 plate armour "Xenouf" {Rampage rF+ Int+3}
 32871 | Elf:3    | Identified the +0 ring mail of Sammos {Str+5}
 32913 | Elf:3    | Identified the +6 triple crossbow of the Badger {penet, rF+
                  | Int+6}
 33001 | Elf:3    | Found Luoczopp's Weapon Boutique.
 33362 | Vaults:1 | Entered Level 1 of the Vaults
 33382 | Vaults:1 | Noticed Saint Roka
 33384 | Vaults:1 | Noticed Nikola
 33411 | D:13     | Killed Saint Roka
 33553 | Vaults:1 | Noticed Zenata
 33560 | Vaults:1 | Killed Nikola
 33565 | Vaults:1 | Killed Zenata
 34788 | Vaults:2 | Noticed Xtahua
 34801 | Vaults:1 | Paralysed by Xtahua for 4 turns
 34805 | Vaults:1 | HP: 4/152 [Xtahua (18)]
 34805 | Vaults:1 | Demolished by Xtahua

Illustrated notes

Levels and vault maps discovered:
D:1:      tarquinn_simple_flora_water_a, layout_loops_ring, minmay_pentomino_u2
D:2:      layout_loops_ring, serial_shops, shop_statue
D:3:      layout_basic, nicolae_overflow_crystal_walls, uniq_robin
D:4:      layout_rooms, portal_sewer_entry_d, serial_shops,
          kennysheep_little_box
D:5:      layout_loops_ring, fedhas_altar_4, serial_shops, shop,
          uniq_blork_the_orc, uniq_grinder
D:6:      layout_basic, uniq_eustachio
D:7:      cheibrodos_barr_body, layout_basic, marbit_many_paths,
          minmay_temple_entry_poolview, grunt_decor_one_mirror, uniq_maggie,
          uniq_joseph, uniq_duvessa
D:8:      layout_rooms, due_lair_maze_entry_diamond,
          nicolae_concentric_dashed_squares_wild, minmay_diamond_spiral,
          uniq_jeremiah
D:9:      layout_layer_cave, orc_david_3
D:10:     layout_big_octagon
D:11:     layout_basic, gauntlet_entry_generic
D:12:     layout_stronghold, serial_shops, nicolae_shop_window_shopping,
          small_statue_intersection
D:13:     layout_rooms, hellmonk_vaults_keyhole
D:14:     layout_irregular_city, nicolae_dithmenos_the_darkroom,
          bh_circular_ruins
D:15:     grunt_enter_depths_hoard, layout_rooms, special_room
          [special_room_orc], lemuel_round_altar, uniq_azrael
Temple:   compressed_dpeg_triangle_lava_temple
Lair:1:   layout_roguey, evilmike_ambush [evilmike_ambush_outer_basic,
          evilmike_ambush_inner_basic], uniq_fannar
Lair:2:   layout_long_grid, swamp_mist
Lair:3:   layout_regular_city, nicolae_snake_entry_squirm
Lair:4:   layout_gridlike, grunt_forest_stairs_clearing, uniq_rupert
Lair:5:   grunt_lair_end_beastmaster, layout_regular_city,
          nicolae_slime_entry_field_trip, ebering_ghost_reflecting_pool,
          pdpol_lair_neglected_garden, serial_bayou_shore_b, uniq_urug,
          uniq_josephine
Swamp:1:  layout_basic_swamp, evilmike_swamp_ruin_house_5
Swamp:2:  nicolae_swamp_long_stream, layout_falls_marsh,
          hangedman_swamp_ruin_wall, swamp_pool4, cheibrodos_swamp_pet_leeches,
          uniq_kirke
Swamp:3:  layout_basic_swamp, evilmike_swamp_ruin_house_2,
          nicolae_swamp_super_fun_site
Swamp:4:  swamp_old_school, layout_basic_swamp, nicolae_swamp_big_swirl,
          uniq_aizul
Snake:1:  layout_basic
Snake:2:  nicolae_sea_snake_s, layout_cave_pods, drop_trap,
          hangedman_snake_thin_pillar_pass, nicolae_snake_lava_pool,
          uniq_vashnia
Snake:3:  hangedman_cross_stitches, layout_cave_shapes, serial_bayou_shore_a
Snake:4:  snake_pit_salamanders_mu, layout_layer_cave, grunt_megastairs_2
Orc:1:    cheibrodos_orc_bank, layout_caves, nicolae_shop_gadgets
Orc:2:    st_orc_congregation, layout_caves, uniq_maurice, uniq_snorg
Elf:1:    nicolae_elf_arrival_aired_out, layout_geoelf_octagon, special_room
          [special_room_mythical_zoo], serial_shops, shop,
          serial_hangedman_research, hangedman_research_toxicology,
          hangedman_research_electronics, hangedman_research_thermodynamics,
          hangedman_research_geology, hangedman_research_quantum,
          hangedman_elven_crosses_minicolossus, uniq_louise
Elf:2:    nicolae_elf_blades_crystal_corner, layout_geoelf_octagon
Elf:3:    minmay_elf_hall_not_hex, layout_gridlike, serial_shops, shop, shop,
          nicolae_shop_industrial_runoff, shop, shop, nicolae_twisting_strands
Vaults:1: nicolae_vaults_trapezoid_lopsided_1, nicolae_vaults_theta,
          nicolae_vaults_shrinking_rooms_2, nicolae_vaults_trapezoid_lopsided_3,
          v_alt_pattern_2, nicolae_vaults_theta,
          nicolae_vaults_yaktaur_gun_rack, layout_vaults_omnigrid,
          uniq_saint_roka, uniq_nikola, uniq_zenata
Vaults:2: nicolae_vaults_double_plus_2, ontoclasm_vaults_twist,
          hangedman_vaults_maws, vaults_dpeg_encased_lava,
          nicolae_vaults_border_crossing, minmay_crypt_entry_necro_gods,
          nicolae_vaults_closet_pinwheel_5, nicolae_vaults_diagonal_hallway_7,
          hangedman_vaults_slice, nicolae_vaults_apartment_2, st_more_cells,
          nicolae_vaults_more_shelving_2, layout_vaults_ring, serial_shops,
          nicolae_shop_industrial_runoff, uniq_boris, uniq_mara, uniq_xtahua

Skill      XL: |  1  2  3  4  5  6  7  8  9 10 11 12 13 14 15 16 17 18 19 20 21 |
---------------+----------------------------------------------------------------+-----
Maces & Flails | 3 4 5 6 7 9 10 11 12 14 15 16 17 18 19 20 | 20.8
Fighting       | 4 5 6 7 8 10 11 12 14 15 16 17 18 19 20 21 22 | 22.5
Dodging        | 1 2 3 4 5 6 7 8 9 10 11 12 13 | 13.1
Armour         | 4 5 6 7 8 9 10 11 12 13 14 15 16 17 | 17.1
Shields        | 4 5 6 7 8 9 10 11 12 13 14 15 16 | 16.6

Action                     |  1- 3 |  4- 6 |  7- 9 | 10-12 | 13-15 | 16-18 | 19-21 || total
---------------------------+-------+-------+-------+-------+-------+-------+-------++-------
  Melee: Flail             |    89 |   232 |   169 |       |       |       |       ||   490
         Whip              |       |       |   214 |   800 |  1628 |   164 |       ||  2806
         Morningstar       |       |       |       |       |       |  1163 |  1590 ||  2753
    Use: Potion            |       |     1 |     1 |     1 |     1 |     1 |     1 ||     6
         Scroll            |       |     3 |     3 |    20 |    12 |     3 |     1 ||    42
   Stab: Petrified         |       |       |       |       |    13 |       |       ||    13
         Confused          |       |       |       |       |     1 |     2 |       ||     3
         Distracted        |       |       |       |       |       |       |     2 ||     2
 Armour: Scale mail        |    72 |   156 |   212 |       |       |       |       ||   440
         Leather armour    |       |       |    43 |       |       |       |       ||    43
         Swamp dragon scal |       |       |     5 |   199 |       |       |       ||   204
         Troll leather arm |       |       |       |   201 |   266 |   360 |   456 ||  1283
  Dodge: Dodged            |    45 |   111 |   141 |   302 |   460 |   584 |   704 ||  2347
         Repelled          |       |       |       |       |     6 |    21 |    28 ||    55
  Block: Buckler           |    11 |    55 |    50 |       |       |       |       ||   116
         Tower shield      |       |       |   125 |   684 |  1651 |  1898 |  2121 ||  6479

Table legend: (Time is in decaauts)
 A = Elapsed time spent in this place.
 B = Non-inter-level travel time spent in this place.
 C = Inter-level travel time spent in this place.
 D = Time resting spent in this place.
 E = Time spent auto-exploring this place.
 F = Levels seen in this place.
 G = Mean time per level.
                   A        B        C        D        E       F      G
               +--------+--------+--------+--------+--------+-----+--------+
         Total |  33976 |  30780 |   3196 |   2288 |  19534 |  38 |  894.1 |
       Dungeon |  14250 |  12684 |   1566 |   1622 |   7740 |  15 |  950.0 |
        Temple |     38 |      1 |     37 |      0 |      0 |   1 |   38.0 |
          Lair |   4598 |   4047 |    551 |      0 |   3087 |   5 |  919.6 |
         Swamp |   2978 |   2821 |    157 |    262 |   1811 |   4 |  744.5 |
     Snake Pit |   4224 |   3913 |    311 |     25 |   2753 |   4 | 1056.0 |
  Orcish Mines |   1849 |   1708 |    141 |    163 |    878 |   2 |  924.5 |
   Elven Halls |   3933 |   3543 |    390 |    106 |   2042 |   3 | 1311.0 |
        Vaults |   1264 |   1223 |     41 |      4 |    967 |   2 |  632.0 |
         Abyss |    237 |    237 |      0 |      0 |     36 |   1 |  237.0 |
         Sewer |    601 |    601 |      0 |    105 |    219 |   1 |  601.0 |
               +--------+--------+--------+--------+--------+-----+--------+

Top non-repeatable levels by time:
 Snake:4: 1660 daAuts
   Elf:1: 1617 daAuts
     D:8: 1417 daAuts
     D:9: 1365 daAuts
    D:12: 1325 daAuts
     D:7: 1290 daAuts
   Elf:3: 1218 daAuts
Vaults:1: 1208 daAuts
    D:13: 1123 daAuts
   Elf:2: 1097 daAuts
  Lair:5: 1090 daAuts
 Snake:2: 1087 daAuts
  Lair:2: 1059 daAuts
  Lair:3: 1034 daAuts
   Orc:2: 1017 daAuts
